 Dungeon Crawl Stone Soup version 0.29.0-13-gc9e81de378 (webtiles) character file.

Game seed: 260437201210409960

1267 sanka the Summoner (level 8, -10/63 HPs)
             Began as a Ghoul Summoner on Sept 9, 2022.
             Was a Follower of Hepliaklqana.
             Shot with a bolt by an orc warrior (20 damage)
             ... on level 6 of the Dungeon.
             The game lasted 00:14:06 (8434 turns).

sanka the Summoner (Ghoul Summoner)                 Turns: 8434, Time: 00:14:07

Health: -10/63     AC:  4    Str: 12    XL:     8   Next: 52%
Magic:  6/10       EV: 12    Int: 12    God:    Hepliaklqana [*.....]
Gold:   165        SH:  0    Dex:  9    Spells: 5/11 levels left

rFire   + . .      SeeInvis .   t - +0 halberd
rCold   + . .      Faith    .   (shield currently unavailable)
rNeg    + + +      Spirit   .   a - +0 robe
rPois   ∞          Reflect  .   s - +0 helmet
rElec   .          Harm     .   (no cloak)
rCorr   .          Rampage  .   u - +0 pair of gloves
Will    .....                   (no boots)
Stlth   ++........              (no amulet)
HPRegen 0.00/turn               (no ring)
MPRegen 0.12/turn               g - ring of protection from fire

@: inhibited regen
A: reduced essence, claws 1, cold resistance 1, negative energy resistance 3,
inhibited regeneration, torment resistance 2, devour on kill
a: Renounce Religion, Recall Ancestor, Ancestor Identity


You were on level 6 of the Dungeon.
You worshipped Hepliaklqana.
Hepliaklqana was aware of your devotion.
You visited 1 branch of the dungeon, and saw 6 of its levels.

You collected 165 gold pieces.


Innate Abilities, Weirdness & Mutations

Your life essence is reduced to manifest your ancestor. (-10% HP)
You are immune to poison.
You have sharp fingernails.
Your flesh is cold resistant. (rC+)
You are immune to negative energy. (rN+++)
You do not regenerate when monsters are visible.
You are immune to unholy pain and torment.
You thrive by killing the living.


   Skills:
 + Level 6.8 Fighting
 - Level 1.7 Dodging
 - Level 2.1 Stealth
 - Level 2.0 Spellcasting
 - Level 8.0 Summonings


You had 5 spell levels left.
You knew the following spells:

 Your Spells              Type           Power      Damage    Failure   Level
c - Call Canine Familiar  Summ           20%        N/A       3%          3
x - Call Imp              Summ           20%        N/A       1%          2
z - Summon Small Mammal   Summ           80%        N/A       1%          1

Your spell library contained the following spells:

 Spells                   Type           Power      Damage    Failure   Level
 Summon Guardian Golem    Hex/Summ       10%        N/A       16%         3
 Foxfire                  Conj/Fire      4%         2x1d4     26%         1
 Poisonous Vapours        Pois/Air       2%         N/A       38%         2
 Static Discharge         Conj/Air       1%         3-4/arc   38%         2
 Summon Lightning Spire   Summ/Air       10%        N/A       45%         4
 Conjure Flame            Conj/Fire      1%         6-21      63%         3
 Inner Flame              Hex/Fire       1%         N/A       63%         3
 Corpse Rot               Necr/Pois/Air  1%         N/A       95%         4
 Flame Wave               Conj/Fire      1%         2d4       95%         4
 Lightning Bolt           Conj/Air       0%         1d11      100%        5
 Maxwell's Capacitive Co  Air            0%         ∞         100%        8

Inventory:

Hand Weapons
 n - a +0 long sword
 t - a +0 halberd (weapon)
Missiles
 r - 3 throwing nets {=f}
Armour
 a - a +0 robe (worn)
 s - a +0 helmet (worn)
 u - a +0 pair of gloves (worn)
Jewellery
 g - a ring of protection from fire (right hand)
Scrolls
 c - 3 scrolls of fear {unknown}
 d - 4 scrolls of identify {unknown}
 i - a scroll of fog {unknown}
 m - a scroll of torment {unknown}
 p - 2 scrolls of teleportation {unknown}
Potions
 b - a potion of magic
 e - 4 potions of mutation {unknown}
 f - 2 potions of heal wounds {unknown}
 h - a potion of ambrosia {unknown}
 j - 2 potions of flight {unknown}
 k - a potion of haste {unknown}
 l - a potion of berserk rage {unknown}
 o - 2 potions of curing {unknown}
 q - a potion of might {unknown}

Dungeon Overview and Level Annotations

Branches:
Dungeon (6/15)
 Temple: D:4-7

Altars:
Cheibriados
Hepliaklqana
Sif Muna
Vehumet
Wu Jian
Xom
Yredelemnul

Annotations:
D:3 Ijyb

............▒.▒
▒......▒▒▒▒
..▒▒▒▒▒.▒▒▒.▒.▒
▒.......... ▒.▒
▒.▒.▒
▒▒.........
▒.▒▒▒.▒.▒
▒▒▒▒.▒▒▒▒▒
▒.......▒ ▒.▒
▒▒▒▒..▒▒▒ ▒.▒
▒.▒▒ ▒.▒ ▒.▒
▒.▒ ▒n▒
▒▒▒▒.▒▒▒▒▒
▒...?....▒
▒.▒..5▒▒.▒
+.....Roo.....
▒▒.▒..h▒▒.▒▒▒.
▒.▒▒.▒▒ ▒ ▒ ▒.▒
...


You could see the friendly Waqi the ancestor, an orc warrior (ally target), a
friendly hound (summoned) and a friendly crimson imp (summoned).


Message History

Unknown command.
Unknown command.
You barely miss the orc wizard.
The orc wizard is almost dead.
Your hound bites the orc wizard.
Your hound closely misses the orc wizard.
Waqi hits the orc wizard!
The orc wizard dies!
The orc warrior unwields a +0 trident.
The orc warrior wields a +0 arbalest.
The orc warrior shoots a bolt.
The bolt hits you!
* * * LOW HITPOINT WARNING * * *
Unknown command.
Your hound barely misses the orc warrior.
Waqi completely misses the orc warrior.
The orc warrior shoots a bolt.
The bolt hits you!
* * * LOW HITPOINT WARNING * * *
Your hound bites the orc warrior but does no damage.
Waqi hits the orc warrior but does no damage.
The orc warrior shoots a bolt.
The bolt barely misses you.
Your hound bites the orc warrior but does no damage.
Your crimson imp hits the orc warrior.
Your hound closely misses the orc warrior.
Waqi hits the orc warrior but does no damage.
The orc warrior shoots a bolt.
The bolt hits you!!
You die...

Action                   |  1- 3 |  4- 6 |  7- 9 || total
-------------------------+-------+-------+-------++-------
Melee: Unarmed           |    59 |    24 |       ||    83
       Long sword        |       |    43 |       ||    43
       Halberd           |       |    18 |   113 ||   131
 Cast: Summon Small Mamm |    52 |     9 |       ||    61
       Call Imp          |     4 |    24 |    18 ||    46
       Call Canine Famil |       |    13 |    12 ||    25
 Stab: Distracted        |     1 |     1 |       ||     2
       Sleeping          |       |     3 |     3 ||     6
Armor: Robe              |     7 |    11 |    21 ||    39
Dodge: Dodged            |    39 |    52 |    94 ||   185

Levels and vault maps discovered:
D:1:      erik_arrival_orb_chamber, layout_basic, minmay_misc_feat_tiny
D:2:      layout_basic, serial_glass, glass_columns_b, glass_columns_b,
          glass_columns_a, glass_columns_b, glass_columns_a, glass_columns_a,
          glass_columns_c, glass_columns_a, basic_altar,
          shapermc_ecumenical_altar_mp_highgroup
D:3:      layout_basic, nicolae_sif_muna_condensation, uniq_ijyb
D:4:      minmay_diamond_boxcup, layout_basic, amethyst_overflow_temple_binary
D:5:      layout_basic, jmf_multi_god_temple2, minmay_misc_feat_rugged
D:6:      layout_loops_corners, nicolae_overflow_crystal_walls,
          minmay_temple_entry_enclosed_plants, serial_shops, shop,
          hangedman_decor_push

Notes
Turn   | Place    | Note
-------+----------+-------------------------------------------
     0 | D:1      | sanka the Ghoul Summoner began the quest for the Orb.
     0 | D:1      | Reached XP level 1. HP: 14/14 MP: 2/2
   167 | D:1      | Reached skill level 2 in Spellcasting
   179 | D:1      | Reached XP level 2. HP: 18/20 MP: 2/4
   316 | D:1      | Reached skill level 4 in Summonings
  1028 | D:1      | Reached XP level 3. HP: 14/26 MP: 2/5
  1303 | D:1      | Learned a level 2 spell: Call Imp
  1307 | D:1      | Learned a level 3 spell: Call Canine Familiar
  1822 | D:2      | Found a shimmering altar of Xom.
  1987 | D:2      | Reached XP level 4. HP: 30/33 MP: 3/6
  2061 | D:2      | Reached skill level 5 in Summonings
  2365 | D:2      | Found a faded altar of an unknown god.
  2722 | D:3      | Noticed Ijyb
  3016 | D:3      | Found a shimmering blue altar of Sif Muna.
  3477 | D:4      | Noticed a scorpion
  3732 | D:4      | Killed a scorpion
  3733 | D:4      | Reached XP level 5. HP: 16/38 MP: 4/7
  3934 | D:4      | Reached skill level 6 in Summonings
  4140 | D:4      | Reached XP level 6. HP: 45/45 MP: 2/8
  4574 | D:4      | HP: 4/45 [gnoll/+0 spear[a gnoll bouda] (8)]
  4606 | D:4      | HP: 4/45 [gnoll/+0 spear[a gnoll bouda] (1)]
  5256 | D:4      | Found a hazy altar of Hepliaklqana.
  5265 | D:4      | Found a radiant altar of Vehumet.
  5430 | D:4      | Noticed a black bear
  5477 | D:4      | Killed a black bear
  5478 | D:4      | Reached skill level 7 in Summonings
  5609 | D:4      | Became a worshipper of Hepliaklqana the Forgotten
  5894 | D:4      | Reached XP level 7. HP: 28/50 MP: 3/9
  6478 | D:5      | Entered Level 5 of the Dungeon
  6484 | D:5      | Reached skill level 8 in Summonings
  6484 | D:5      | Reached skill level 1 in Fighting
  6496 | D:5      | Reached skill level 2 in Fighting
  6594 | D:5      | Reached skill level 3 in Fighting
  6682 | D:5      | Reached skill level 4 in Fighting
  6682 | D:5      | Reached XP level 8. HP: 57/66 MP: 5/10
  7031 | D:5      | Reached skill level 5 in Fighting
  7115 | D:5      | Found a large runed translucent door.
  7118 | D:5      | Found a large runed translucent door.
  7202 | D:5      | Reached * piety under Hepliaklqana
  7934 | D:5      | Reached skill level 6 in Fighting
  8117 | D:5      | Found an ornate altar of the Wu Jian Council.
  8125 | D:5      | Found a basalt altar of Yredelemnul.
  8376 | D:6      | Found a snail-covered altar of Cheibriados.
  8434 | D:6      | Shot with a bolt by an orc warrior

Vanquished Creatures
  A hound (D:5)
  4 iguanas
  4 gnolls
  3 adders
  A white imp (D:5)
  3 dart slugs
  2 orcs (D:4)
  A bat (D:1)
  3 endoplasms
  A giant cockroach (D:1)
  A goblin (D:1)
  5 hobgoblins
  4 jackals
  2 kobolds (D:1)
  A quokka (D:1)
  2 ball pythons
  A frilled lizard (D:3)
  A rat (D:3)
40 creatures vanquished.

Vanquished Creatures (collateral kills)
  A black bear (D:4)
  An ice beast (D:4)
  2 ogres (D:5)
  A phantom (D:5)
  4 scorpions
  A hound (D:4)
  An orc priest (D:4)
  2 gnoll boudas
  An iguana (D:4)
  An orc wizard (D:6)
  6 gnolls
  5 adders
  A shadow imp (D:5)
  2 ufetubi (D:5)
  2 worms (D:2)
  2 dart slugs (D:4)
  5 orcs
  3 ball pythons
  5 endoplasms
  4 goblins
  3 hobgoblins
  6 jackals
  A quokka (D:5)
  3 bats
  A frilled lizard (D:2)
  3 kobolds
  2 rats
69 creatures vanquished.

Grand Total: 109 creatures vanquished
